 Dungeon Sprint DCSS version bcrawl-1.31 (webtiles) character file.

Game seed: 17833579921010836676

311128 Groucho the Imperceptible (level 9, -8/59 HPs)
             Began as a Felid Berserker on Mar 24, 2021.
             Was a High Priest of Trog.
             Mangled by a sixfirhy (10 damage)
             ... summoned by a mummy priest
             ... in the Dungeon (Sprint I: "Red Sonja").
             The game lasted 00:14:08 (4469 turns).

Groucho the Imperceptible (Felid Berserker)         Turns: 4469, Time: 00:14:08

Health: -8/59      AC:  2    Str: 13    XL:     9   Next: 54%
Magic:  10/10      EV: 33    Int:  9    God:    Trog [*****.]
Gold:   2269       SH:  0    Dex: 19    Spells: 8/8 levels left
                                        Lives:  0   Deaths: 3

rFire    + . .     SeeInvis +     - Teeth and claws (27.0)
rCold    . . .     Gourm    .   (shield unavailable)
rNeg     . . .     Faith    .   (armour unavailable)
rPois    .         Spirit   .   (helmet unavailable)
rElec    .         Reflect  .   (cloak restricted)
rCorr    .         Harm     .   (gloves unavailable)
MR       +....     NoTele   +   (boots unavailable)
Stlth    +++++++++.             c - amulet of the Suburbs {Regen rF+}
HPRegen  0.49/turn              (no ring)
MPRegen  0.12/turn              (no ring)

@: quick
A: very small, no armour, no weapons or thrown items, stealth, claws 1, fangs 3,
see invisible, carnivore, speed 1, shaggy fur 2, slow metabolism 1, sharp paws
a: Berserk, Trog's Hand, Brothers in Arms, Renounce Religion


You were in the Dungeon.
You worshipped Trog.
Trog was extremely pleased with you.
You were not hungry.

You visited 1 branch You collected 3060 gold pieces.
You spent 791 gold pieces at shops.

Inventory:

Jewellery
 c - the amulet of the Suburbs (around neck) {Regen rF+}
   (You bought it in a shop in the Dungeon)

   [amulet of regeneration]

   It protects you from fire.
 l - the amulet of Ceppiuff {Inacc +Fly}
   (You bought it in a shop in the Dungeon)

   [amulet of inaccuracy]

   It reduces the accuracy of all your attacks.
   It lets you fly.
Wands
 h - a wand of polymorph (11)
 j - a wand of clouds (4)
 k - a wand of disintegration (13)
 p - a wand of enslavement (9)
Scrolls
 g - a scroll of blinking
 o - a scroll of fear {unknown}
 s - a scroll of fog {unknown}
Potions
 a - 2 potions of magic
 b - a potion of flight {unknown}
 d - a potion of haste
 f - a potion of berserk rage
 i - 3 potions of resistance {unknown}
 m - a potion of degeneration {unknown}
 n - a potion of mutation {unknown}
 q - 2 potions of curing
Miscellaneous
 r - a phantom mirror
Comestibles
 e - 5 rations {!d}


   Skills:
 + Level 13.0 Fighting
 + Level 16.3 Dodging
 + Level 22.6 Stealth
 + Level 15.2 Unarmed Combat


You had 8 spell levels left.
You didn't know any spells.
Your spell library was empty.

Dungeon Overview and Level Annotations

Branches:
Dungeon (1/1)

Altars:
Cheibriados
Dithmenos
Elyvilon
Fedhas
Gozag
Hepliaklqana
Kikubaaqudgha
Lugonu
Makhleb
Nemelex Xobeh
Okawaru
Qazlal
Ru
Sif Muna
Trog
Uskayaw
Vehumet
Wu Jian
Xom
Yredelemnul
Zin
The Shining One
Jiyva

Shops:
D [?![=:}((:=[!%(=[}([*

Annotations:
D exclusion: oklob plant


Innate Abilities, Weirdness & Mutations

You cannot wear almost all types of armour.
You are incapable of wielding weapons or throwing items.
Your paws allow you to move quietly. (Stealth)
You have sharp claws.
You have razor-sharp teeth.
You have supernaturally acute eyesight. (SInv)
You are carnivorous and can eat meat at any time.
You cover ground quickly.
You are covered in thick fur. (AC +2)
You have a slow metabolism.
Your sharp claws are effective at attacking unaware monsters.


Message History

Really walk into that arrow trap?
You avoid triggering an arrow trap.
The sixfirhy misses you. The sixfirhy completely misses you.
There is an arrow trap here.
An arrow hits the sixfirhy, but does no damage!
The sixfirhy hits you. The sixfirhy shocks you!
* * * LOW HITPOINT WARNING * * *
There is an open door here.
An arrow hits the bat zombie!
The bat zombie misses you. The bat zombie completely misses you.
The bat zombie misses you.
There is an open door here.
The sixfirhy hits you.
* * * LOW HITPOINT WARNING * * *
The sixfirhy shocks you!
* * * LOW HITPOINT WARNING * * *
The sixfirhy hits you.
* * * LOW HITPOINT WARNING * * *
The sixfirhy shocks you!
You die...

#################################
..#(.#§§§§'§.§§§@3Z.#^^+§§§.#))..
..##'#§####§§§§§##..'^)#.§§§##|[.
..'..#§# ##§§§#######4#.§§..####
###..§§# ###+# #..#.§§§§#
.##+#### #..##..§§# .# #.4≈###§##
.# #..≈.:#(####+ §###
#..≈.##'#§... .'.# #..≈##.§§§§§§


You could see a sixfirhy, a red devil and a bat zombie.

Vanquished Creatures
  2 centaur warriors (D)
  A hydra (D)
  Sonja (D)
  A deep troll (D)
  2 unseen horrors (D)
  A lindwurm (D)
  An oklob plant (D)
  A merfolk siren (D)
  A hellwing (D)
  A hornet (D)
  A slime creature (D)
  2 redbacks (D)
  Sigmund (D)
  13 hogs (D)
  A yak (D)
  2 floating eyes (D)
  7 necrophages (D)
  An ogre (D)
  8 jellies (D)
  Ijyb (D)
  3 ballistomycetes (D)
52 creatures vanquished.

Vanquished Creatures (collateral kills)
  A shadow dragon (D)
  8 shining eyes (D)
  4 demonic crawlers (D)
  2 kobold demonologists (D)
  5 floating eyes (D)
  A ballistomycete spore (D)
21 creatures vanquished.

Vanquished Creatures (others)
  the Lernaean hydra (D)
  A deep elf master archer (D)
  A deep elf annihilator (D)
  A merfolk siren (D)
  A gargoyle (D)
  4 hornets (D)
  A ballistomycete spore (D)
10 creatures vanquished.

Grand Total: 83 creatures vanquished

Notes
Turn   | Place    | Note
-------+----------+-------------------------------------------
     0 | D        | Groucho the Felid Berserker began the quest for the Orb.
     0 | D        | Reached XP level 1. HP: 12/12 MP: 2/2
     2 | D        | Noticed Ijyb
     3 | D        | Reached skill level 6 in Stealth
     3 | D        | Reached XP level 2. HP: 16/16 MP: 3/3
    13 | D        | Killed Ijyb
   258 | D        | Noticed an ogre
   259 | D        | Reached skill level 10 in Stealth
   259 | D        | Reached XP level 3. HP: 20/20 MP: 4/4
   260 | D        | Killed an ogre
   273 | D        | Noticed Sigmund
   274 | D        | Reached skill level 13 in Stealth
   274 | D        | Reached XP level 4. HP: 24/24 MP: 5/5
   274 | D        | Reached XP level 5. HP: 28/28 MP: 6/6
   275 | D        | Killed Sigmund
   275 | D        | Reached ** piety under Trog
   291 | D        | Found a shimmering blue altar of Sif Muna.
   292 | D        | Found an ornate altar of the Wu Jian Council.
   293 | D        | Found a radiant altar of Vehumet.
   330 | D        | Found Jutani's Antique Armour Emporium.
   330 | D        | Found an ancient bone altar of Kikubaaqudgha.
   330 | D        | Found a hazy altar of Hepliaklqana.
   330 | D        | Found a stormy altar of Qazlal.
   330 | D        | Found a hide-covered altar of Uskayaw.
   330 | D        | Found a blossoming altar of Fedhas.
   330 | D        | Found a bloodstained altar of Trog.
   330 | D        | Found an iron altar of Okawaru.
   330 | D        | Found a basalt altar of Yredelemnul.
   330 | D        | Found a glowing golden altar of the Shining One.
   330 | D        | Found a snail-covered altar of Cheibriados.
   330 | D        | Found a sacrificial altar of Ru.
   330 | D        | Found a glowing silver altar of Zin.
   330 | D        | Found a shadowy altar of Dithmenos.
   330 | D        | Found a white marble altar of Elyvilon.
   330 | D        | Noticed a yak
   331 | D        | Reached skill level 15 in Stealth
   331 | D        | Found an opulent altar of Gozag.
   332 | D        | Killed a yak
   333 | D        | Found a sparkling altar of Nemelex Xobeh.
   351 | D        | Found a burning altar of Makhleb.
   351 | D        | Found a shimmering altar of Xom.
   351 | D        | Noticed a slime creature
   352 | D        | Reached skill level 16 in Stealth
   352 | D        | Gained mutation: You are covered in thick fur. (AC +2)
                  | [Felid growth]
   352 | D        | Reached XP level 6. HP: 32/32 MP: 7/7
   352 | D        | Found a viscous altar of Jiyva.
   352 | D        | Found a corrupted altar of Lugonu.
   354 | D        | Killed a slime creature
   354 | D        | Reached *** piety under Trog
   360 | D        | Noticed a centaur warrior
   360 | D        | Noticed a centaur warrior
   361 | D        | Reached skill level 18 in Stealth
   361 | D        | Reached XP level 7. HP: 29/41 MP: 8/8
   361 | D        | Reached XP level 8. HP: 32/45 MP: 9/9
   366 | D        | Killed a centaur warrior
   368 | D        | Killed a centaur warrior
   560 | D        | Noticed a hornet
   563 | D        | Killed a hornet
   574 | D        | Noticed an oklob plant
   576 | D        | Killed an oklob plant
   576 | D        | Reached **** piety under Trog
   578 | D        | Noticed a redback
   580 | D        | Noticed a redback
   582 | D        | Killed a redback
   585 | D        | Killed a redback
   606 | D        | Reached skill level 10 in Dodging
   614 | D        | Noticed an unseen horror
   615 | D        | Reached skill level 19 in Stealth
   615 | D        | Reached XP level 9. HP: 51/51 MP: 10/10
   615 | D        | Noticed an unseen horror
   616 | D        | Reached skill level 10 in Unarmed Combat
   621 | D        | Killed an unseen horror
   621 | D        | Reached ***** piety under Trog
   623 | D        | Killed an unseen horror
  1004 | D        | Reached ****** piety under Trog
  1086 | D        | Found Moulyfing's Antique Weapon Shoppe.
  1086 | D        | Found Dufurug's Gadget Shop.
  1086 | D        | Found Jujac's Antique Weapon Boutique.
  1088 | D        | Found Veiwkoqe's Book Emporium.
  1088 | D        | Found Reridul's Jewellery Shop.
  1088 | D        | Found Mooloasuf's Antique Armour Shoppe.
  1088 | D        | Found Hodioc's Distillery.
  1088 | D        | Found Vugi's Food Emporium.
  1088 | D        | Found Kaqa Ero's Antique Weapon Shop.
  1088 | D        | Found Alera's Jewellery Shoppe.
  1092 | D        | Found Kirch's Armour Boutique.
  1093 | D        | Found Naxuq's Weapon Emporium.
  1093 | D        | Found Ysmel's Gadget Boutique.
  1094 | D        | Found Amubead's Assorted Antiques.
  1104 | D        | Bought a wand of disintegration (13) for 95 gold pieces
  1122 | D        | Bought the amulet of Ceppiuff {Inacc +Fly} for 56 gold
                  | pieces
  1170 | D        | Noticed a deep troll
  1172 | D        | Killed a deep troll
  1187 | D        | Found Aqiggu Xyas's Armour Emporium.
  1202 | D        | Noticed Sonja
  1203 | D        | Reached skill level 20 in Stealth
  1205 | D        | Killed Sonja
  1220 | D        | Found Susch's Armour Boutique.
  1251 | D        | Demolished by a deep troll
  1252 | D        | Reached XP level 8. HP: -20/50 MP: 9/9
  1291 | D        | Noticed a shining eye
  1291 | D        | Noticed a shining eye
  1291 | D        | Noticed a shining eye
  1291 | D        | Noticed a shining eye
  1291 | D        | Noticed a shining eye
  1291 | D        | Noticed a shining eye
  1292 | D        | Reached skill level 10 in Fighting
  1292 | D        | Reached XP level 9. HP: 55/55 MP: 10/10
  1293 | D        | Killed a shining eye
  1295 | D        | Killed a shining eye
  1295 | D        | Killed a shining eye
  1296 | D        | Paralysed by a floating eye for 3 turns
  1296 | D        | Killed a shining eye
  1298 | D        | Killed a shining eye
  1299 | D        | Noticed a shining eye
  1299 | D        | Killed a shining eye
  1300 | D        | Noticed a shining eye
  1303 | D        | Killed a shining eye
  1304 | D        | Killed a shining eye
  1317 | D        | Found Atzol's Magic Scroll Shoppe.
  1317 | D        | Found Jozyn's Jewellery Shop.
  1317 | D        | Found Zoixui's Distillery.
  1317 | D        | Found Geminu's Book Boutique.
  1458 | D        | Killed a hornet
  1474 | D        | Noticed a kobold demonologist
  1475 | D        | Reached XP level 10. HP: 49/54 MP: 7/9
  1475 | D        | Noticed a kobold demonologist
  1476 | D        | Reached skill level 21 in Stealth
  1476 | D        | Paralysed by a floating eye for 2 turns
  1477 | D        | Killed a kobold demonologist
  1479 | D        | Killed a kobold demonologist
  1607 | D        | Noticed a demonic crawler
  1607 | D        | Noticed a demonic crawler
  1607 | D        | Noticed a demonic crawler
  1607 | D        | Noticed a demonic crawler
  1612 | D        | Killed a demonic crawler
  1613 | D        | Killed a demonic crawler
  1616 | D        | Killed a demonic crawler
  1617 | D        | Killed a demonic crawler
  1645 | D        | Killed a gargoyle
  1832 | D        | Killed a merfolk siren
  2285 | D        | Noticed a lindwurm
  2287 | D        | Killed a lindwurm
  2459 | D        | Noticed a 12-headed hydra
  2461 | D        | Killed a 12-headed hydra
  2538 | D        | Bought the amulet of the Suburbs {Regen rF+} for 460 gold
                  | pieces
  2541 | D        | Bought a ration for 60 gold pieces
  2541 | D        | Bought a ration for 60 gold pieces
  2541 | D        | Bought a ration for 60 gold pieces
  2608 | D        | Noticed a merfolk siren
  2608 | D        | Noticed a deep elf annihilator
  2609 | D        | Reached skill level 15 in Dodging
  2673 | D        | Killed a merfolk siren
  3274 | D        | Killed a deep elf annihilator
  3286 | D        | Killed the 27-headed Lernaean hydra
  3549 | D        | Noticed a mummy priest
  3550 | D        | Reached skill level 22 in Stealth
  3550 | D        | Reached XP level 11. HP: 66/66 MP: 12/12
  3679 | D        | Killed a deep elf master archer
  3681 | D        | Noticed a golden dragon
  3682 | D        | Noticed a shadow dragon
  3683 | D        | Reached skill level 15 in Unarmed Combat
  3787 | D        | Killed a shadow dragon
  4272 | D        | Killed from afar by a golden dragon
  4273 | D        | Reached XP level 10. HP: -20/64 MP: 11/11
  4404 | D        | HP: 1/64 [something (19)]
  4405 | D        | Engulfed by a cloud of freezing vapour
  4406 | D        | Reached XP level 9. HP: -6/59 MP: 10/10
  4450 | D        | Noticed an oklob plant
  4458 | D        | Noticed a red devil
  4458 | D        | Noticed a sixfirhy
  4469 | D        | HP: 2/59 [sixfirhy[a mummy priest] (3)]
  4469 | D        | Mangled by a sixfirhy

Skill      XL: |  1  2  3  4  5  6  7  8  9 10 11 |
---------------+----------------------------------+-----
Stealth        | 6 10 13 16 18 19 20 22 | 22.6
Fighting       | 6 10 9 12 13 | 13.0
Dodging        | 8 13 12 15 16 | 16.3
Unarmed Combat | 7 12 11 14 15 | 15.2

Action                   |  1- 3 |  4- 6 |  7- 9 | 10-12 || total
-------------------------+-------+-------+-------+-------++-------
Melee: Unarmed           |     3 |     4 |    53 |    67 ||   127
       Bite              |     1 |       |     9 |    10 ||    20
       Punch             |       |       |     2 |     7 ||     9
Invok: Berserk           |     1 |       |     3 |     2 ||     6
       Brothers in Arms  |       |       |     5 |     8 ||    13
       Trog's Hand       |       |       |     2 |     1 ||     3
  Use: Scroll            |       |     1 |       |       ||     1
       Potion            |       |       |     1 |     2 ||     3
 Stab: Sleeping          |     2 |     4 |    13 |     6 ||    25
  Eat: Chunk             |       |       |     7 |     2 ||     9
       Ration            |       |       |       |     1 ||     1
Armor: Skin              |       |       |     3 |       ||     3
Dodge: Dodged            |     3 |     2 |    40 |    56 ||   101
